 Dungeon Crawl Stone Soup version 0.31.0-10-gcf4a605ca0 (webtiles) character file.

Game seed: 1788451718686013091

212 Flugkiller the Ruffian (level 5, 0/50 HPs)
             Began as a Troll Enchanter on Jan 25, 2024.
             Was an Initiate of Ru.
             Splashed by a jelly's acid (3 damage)
             ... in a sewer.
             The game lasted 00:02:32 (2171 turns).

Flugkiller the Ruffian (Troll Enchanter)            Turns: 2171, Time: 00:02:33

Health: 0/50       AC: -16   Str: 18    XL:     5   Next: 58%
Magic:  5/5        EV:  9    Int: 11    God:    Ru [......]
Gold:   170        SH:  0    Dex: 10    Spells: 6/6 levels left

rFire   . .          .
                       - Unarmed
rCold   . . .        (no shield)
rNeg    . . .        b - +0 robe
rPois   .            (helmet restricted)
rElec   .            (no cloak)
rCorr   .            (gloves unavailable)
SInv    .            (boots unavailable)
Will    .....        (no amulet)
Stlth   ++           (no ring)
HPRegen 1.08/turn    (no ring)
MPRegen 0.09/turn

%: no passive effects
@: corroded
A: large, unfitting armour, claws 3, regeneration 1, shaggy fur 1, tough skin 1
a: Renounce Religion


You were in a sewer.
You worshipped Ru.
Ru was noncommittal.
You visited 2 branches of the dungeon, and saw 5 of its levels.
You also visited: Sewer.

You collected 170 gold pieces.

Inventory:

Missiles
 c - 10 poisoned darts (quivered)
 d - 2 boomerangs
Armour
 b - a +0 robe (worn)
Talismans
 a - a serpent talisman
   (You found it on level 1 of the Dungeon)


   Skills:
 + Level 2.3 Fighting
 - Level 0.7 Short Blades
 - Level 1.5 Dodging
 - Level 1.5 Stealth
 * Level 4.4 Unarmed Combat
 - Level 1.2 Spellcasting
 - Level 2.0 Hexes


You had 6 spell levels left.
You didn't know any spells.
Your spell library contained the following spells:

 Spells                   Type           Power      Damage    Failure   Level
 Freeze                   Ice            0%         1d3       32%         1
 Summon Small Mammal      Summ           0%         N/A       32%         1
 Ensorcelled Hibernation  Hex/Ice        4%         N/A       32%         2
 Confusing Touch          Hex            5%         N/A       38%         3
 Tukima's Dance           Hex            5%         N/A       38%         3
 Dazzling Flash           Conj/Hex       4%         N/A       54%         3
 Call Canine Familiar     Summ           0%         N/A       67%         3
 Frozen Ramparts          Ice            0%         1d1       67%         3
 Summon Blazeheart Golem  Fire/Summ      0%         N/A       97%         4
 Freezing Cloud           Conj/Ice/Air   0%         6-21      100%        5
 Ozocubu's Refrigeration  Ice            0%         4d7       100%        7


Dungeon Overview and Level Annotations

Branches:
Dungeon (4/15) Zot: 21956  Temple (1/1) D:4 Zot: 5966   Sewer (1/1) Zot: 5918

Altars:
Ashenzari
Dithmenos
Elyvilon
Fedhas
Hepliaklqana
Makhleb
Nemelex Xobeh
Okawaru
Ru
Sif Muna
Trog
Uskayaw
Vehumet
Wu Jian
Xom
Zin

Shops:
D:3 (


Innate Abilities, Weirdness & Mutations

You are too large for most types of armour.
You have claws for hands.
Your natural rate of healing is unusually fast.
You are covered in fur. (AC +1)
You have tough skin. (AC +1)


Message History

You enter the shallow water.
An endoplasm comes into view.
An endoplasm is nearby!
You enter the shallow water.
An endoplasm comes into view.
You enter the shallow water.
The endoplasm freezes you.
You are frozen.
You scratch the endoplasm.
The endoplasm is moderately wounded.
The endoplasm hits you but does no damage.
You claw the endoplasm!
You kill the endoplasm!
You enter the shallow water.
An endoplasm is nearby!
An endoplasm is nearby!
The helpless endoplasm fails to defend itself.
You scratch the endoplasm.
The endoplasm is severely wounded.
The endoplasm hits you but does no damage.
You claw the endoplasm!
You kill the endoplasm!
You enter the shallow water.
A frilled lizard comes into view.
A frilled lizard is nearby!
An endoplasm comes into view.
The frilled lizard hisses angrily.
A rat comes into view.
An adder and a giant cockroach come into view.
The adder hisses angrily.
The frilled lizard bites you.
The rat squeaks loudly.
You claw the frilled lizard!
You kill the frilled lizard!
The adder closely misses you. x2
You miss the adder. The adder bites you.
You are poisoned.
The adder poisons you!
You claw the adder!
You kill the adder!
You feel sick. The rat bites you but does no damage.
The endoplasm barely misses you.
A jelly comes into view.
There are monsters nearby!
The jelly quivers.
You claw the rat!
You kill the rat!
You feel sick. The giant cockroach barely misses you.
The endoplasm freezes you.
You are frozen.
The jelly jiggles.
You scratch the endoplasm.
The endoplasm is lightly wounded.
You feel sick.
An endoplasm comes into view.
The giant cockroach bites you but does no damage.
The endoplasm hits you but does no damage.
The endoplasm quivers.
You claw the endoplasm!
You kill the endoplasm!
You feel sick. The giant cockroach barely misses you.
You claw the giant cockroach!
You kill the giant cockroach!
You feel sick.
You feel sick.
You are no longer poisoned.
You enter the shallow water.
You scratch the jelly. The acid corrodes you!
Your claws burn!
The jelly is lightly wounded.
The jelly hits you. The acid corrodes you!
You are splashed with acid!
You scratch the jelly.
Your claws burn!
The jelly is lightly wounded.
The jelly hits you. The acid corrodes you!
You are splashed with acid!
You barely miss the jelly.
The jelly is lightly wounded.
The jelly hits you. The acid corrodes you!
You are splashed with acid!
Okay, then.
You aren't carrying any scrolls.
Unknown command.
You aren't carrying any potions.
Unknown command.
Unknown command.
Unknown command.
You scratch the jelly but do no damage.
Your claws burn!
* * * LOW HITPOINT WARNING * * *
The jelly is lightly wounded.
The jelly hits you.
* * * LOW HITPOINT WARNING * * *
The acid corrodes you!
You are splashed with acid!
* * * LOW HITPOINT WARNING * * *
Unknown command.
You claw the jelly!
Your claws burn!
* * * LOW HITPOINT WARNING * * *
The jelly is almost dead.
You completely miss the jelly.
The jelly is almost dead.
The jelly misses you.
Unknown command.
You scratch the jelly but do no damage.
Your claws burn!
You die...

##~..~~...#
#..~~†.†.#
##†.~~#
##~....##
#.~.~.~.##
~~~...##~~~.###
~~.~.#
##.~.~.## ##..#
##~~~JJ# #.~
###~~@# #.
##.~## # #.~~#
##~.#
########## #..#
#.~.~....# #..#
#.~~~~~..# #~~#
#.~####~.# #..#
#†.# #~.# #..#


You could see a jelly and an endoplasm.

Vanquished Creatures
  A bombardier beetle (D:4)
  8 adders
  A river rat (D:4)
  2 dart slugs
  A ribbon worm (D:2)
  An orc (D:3)
  11 endoplasms
  5 giant cockroaches
  9 goblins
  5 hobgoblins
  6 jackals
  8 kobolds
  2 quokkas
  7 ball pythons
  3 bats (D:1)
  10 frilled lizards
  10 rats
90 creatures vanquished.

Notes
Turn   | Place    | Note
-------+----------+-------------------------------------------
     0 | D:1      | Flugkiller the Troll Enchanter began the quest for the Orb.
     0 | D:1      | Reached XP level 1. HP: 16/16 MP: 1/1
    34 | D:1      | Reached skill level 1 in Unarmed Combat
   130 | D:1      | Reached XP level 2. HP: 23/26 MP: 2/2
   376 | D:1      | Reached skill level 1 in Fighting
   434 | D:1      | Reached skill level 2 in Unarmed Combat
   474 | D:1      | Reached XP level 3. HP: 32/33 MP: 3/3
   517 | D:1      | Got the Atlas of Frostbound Conflict
   874 | D:2      | Reached XP level 4. HP: 41/41 MP: 4/4
   960 | D:2      | Reached skill level 3 in Unarmed Combat
  1620 | D:3      | Found Saneong's Antique Weapon Emporium.
  1641 | D:3      | Found a radiant altar of Vehumet.
  1666 | D:3      | Found a glowing silver altar of Zin.
  1667 | D:3      | Found a shimmering altar of Xom.
  1924 | D:4      | Noticed a gnoll sergeant
  1946 | D:4      | Found a staircase to the Ecumenical Temple.
  1958 | Temple   | Entered the Ecumenical Temple
  1962 | Temple   | Reached XP level 5. HP: 49/49 MP: 5/5
  1975 | Temple   | Became a worshipper of Ru the Awakened
  2038 | D:4      | Reached skill level 4 in Unarmed Combat
  2055 | D:4      | Found a glowing drain.
  2088 | Sewer    | Entered a sewer
  2169 | Sewer    | HP: 1/50 [acid (4)]
  2171 | Sewer    | Splashed by a jelly's acid

Illustrated notes

Levels and vault maps discovered:
D:1:      dpeg_arrival_arbitrary_c, layout_loops_cross
D:2:      layout_loops_cross, minmay_misc_feat_roman, st_stairs_10,
          minmay_misc_feat_room, corexii_hall_statues_i, kennysheep_cross_room,
          kennysheep_flooded_box
D:3:      layout_basic, minitemple, serial_shops, shop
D:4:      nicolae_BIG_FREAKIN_CUBE, layout_basic, temple_fountains,
          mainiacjoe_sewer_entry_somewhere_in_here_1, grunt_decor_clamped
Temple:   nicolae_temple_figure_eight
Sewer:    sewer_hellmonk_slimy_pipes

Skill      XL: |  1  2  3  4  5 |
---------------+----------------+-----
Unarmed Combat | 1 2 3 4 |  4.4
Fighting       | 1 2 |  2.3
Short Blades   | |  0.7
Dodging        | |  1.5
Stealth        | |  1.5
Spellcasting   | |  1.2
Hexes          | |  2.0

Action                     |  1- 3 |  4- 6 || total
---------------------------+-------+-------++-------
  Melee: Unarmed           |    97 |   128 ||   225
         Punch             |       |     1 ||     1
   Stab: Sleeping          |     3 |     7 ||    10
 Armour: Robe              |    67 |    85 ||   152
  Dodge: Dodged            |    47 |    47 ||    94
